 Dungeon Crawl Stone Soup version 0.19.5 (webtiles) character file.

172 Enroth the Conjurer (level 5, -1/22 HPs)
             Began as a Vine Stalker Conjurer on Mar 30, 2017.
             Was an Initiate of Hepliaklqana.
             Slain by Lichfox's ghost (4 damage)
             ... on level 3 of the Dungeon.
             The game lasted 00:15:48 (2476 turns).

Enroth the Conjurer (Vine Stalker Conjurer)         Turns: 2476, Time: 00:15:48

Health: -1/22      AC:  3    Str: 10    XL:     5   Next: 53%
Magic:  0/11       EV: 12    Int: 14    God:    Hepliaklqana [......]
Gold:   141        SH:  0    Dex: 13    Spells: 3 memorised, 3 levels left

rFire  . . .     SeeInvis .     e - +0 flail
rCold  . . .     Gourm    .     a - +0 robe
rNeg   . . .     Faith    .     (no shield)
rPois  .         Spirit   +     (no helmet)
rElec  .         Reflect  .     (no cloak)
rCorr  .         Harm     .     (no gloves)
MR     .....                    j - +0 pair of boots
Stlth  ++........               (no amulet)
                                (no ring)
                                (no ring)

@: no status effects
A: reduced essence, fangs 2, clumsy 1, dopey 1, regeneration 1, screaming 1,
magic shield, antimagic bite, no device heal 3, rot immunity
a: Recall Ancestor, Ancestor Identity, Renounce Religion


You were on level 3 of the Dungeon.
You worshipped Hepliaklqana.
Hepliaklqana was noncommittal.
You were not hungry.

You visited 1 branch of the dungeon, and saw 3 of its levels.

You collected 141 gold pieces.

Inventory:

Hand Weapons
 e - a +0 flail (weapon)
Armour
 a - a +0 robe (worn)
 f - a +1 buckler
 j - a +0 pair of boots (worn)
 s - a +2 shield
Scrolls
 d - 8 scrolls of identify
 g - a scroll of enchant weapon {unknown}
 k - a scroll of magic mapping
 l - a scroll of random uselessness {unknown}
 n - a scroll of recharging {unknown}
 p - a scroll of remove curse
 q - a scroll of blinking {unknown}
Potions
 h - a potion of brilliance {unknown}
 o - a potion of magic {unknown}
Books
 b - a book of Conjurations

   Spells                             Type                      Level
   a - Magic Dart                     Conjuration                  1
   b - Searing Ray                    Conjuration                  2
   c - Dazzling Spray                 Conjuration/Hexes            3
   d - Fulminant Prism                Conjuration/Hexes            4
   e - Iskenderun's Mystic Blast      Conjuration                  4
   f - Iskenderun's Battlesphere      Conjuration/Charms           5
Comestibles
 c - 3 bread rations
 i - a royal jelly
 m - 5 fruits
 r - a meat ration


   Skills:
 + Level 0.6 Fighting
 + Level 2.0 Dodging
 + Level 2.8 Stealth
 * Level 1.4 Shields
 - Level 0.2 Unarmed Combat
 + Level 3.5 Spellcasting
 + Level 5.0 Conjurations


You had 3 spell levels left.
You knew the following spells:

 Your Spells              Type           Power        Failure   Level  Hunger
a - Magic Dart            Conj           ###.         2%          1    #......
b - Searing Ray           Conj           ###...       4%          2    ##.....
c - Iskenderun's Battles  Conj/Chrm      #.......     99%         5    ######.


Dungeon Overview and Level Annotations

Branches:
Dungeon (3/15)

Altars:
Dithmenos
Hepliaklqana
Xom

Annotations:
D:3 Lichfox's ghost, amateur HuNe


Innate Abilities, Weirdness & Mutations

You have extremely sharp teeth.
Your natural rate of healing is unusually fast.
When hurt, damage is shared between your health and your magic reserves.
Your bite disrupts and absorbs the magic of your enemies.
Potions and wands cannot restore your health.
You are immune to rotting.
Your life essence is reduced. (-10% HP)
You are clumsy. (Dex -2)
You are dopey. (Int -2)
You occasionally shout uncontrollably at your foes.


Message History

Lichfox's ghost closely misses you.
Yadidatum hits Lichfox's ghost but does no damage.
Lichfox's ghost hits you.
You hit Lichfox's ghost but do no damage.
Lichfox's ghost is lightly damaged.
Yadidatum completely misses Lichfox's ghost.
Lichfox's ghost wails, "What do you have that I didn't have?"
Lichfox's ghost points at you and mumbles some strange words.
Pain shoots through your body!
* * * LOW HITPOINT WARNING * * *
You closely miss Lichfox's ghost. Your bite misses Lichfox's ghost.
Lichfox's ghost is lightly damaged.
Yadidatum hits Lichfox's ghost but does no damage.
Lichfox's ghost points at you and mumbles some strange words.
You struggle to resist.
Yadidatum barely misses Lichfox's ghost.
You hit Lichfox's ghost. Your bite misses Lichfox's ghost.
Lichfox's ghost is lightly damaged.
Lichfox's ghost hits you.
You die...

####.### #####....)# #...#
#..()(..).. #...#
#.###.#...# #...#### #.#
#.##.#.
#####...##.###.###.##.#.
##.........#.##.#......#.
.........###...#.#.#....
#......(W.#.####.#.#.##.
#....@R#.## #.#.#.##.
#.......## #.#.#.##.
#.#.....## #.#.#.###
#.#..###.# #.....###
#.##.# .# ###......
#....###.# #..####
#.###...## #..#
#.R.....### #..#
#############....######..#


You could see the friendly Yadidatum the ancestor and Lichfox's ghost.

Vanquished Creatures
  An orc wizard (D:3)
  2 gnolls
  4 adders (D:2)
  A worm (D:3)
  4 orcs (D:3)
  3 giant cockroaches
  5 goblins
  4 hobgoblins
  5 jackals
  3 kobolds (D:1)
  A quokka (D:2)
  8 bats
  2 frilled lizards
  10 rats
53 creatures vanquished.

Vanquished Creatures (collateral kills)
  A gnoll (D:3)
  An adder (D:2)
  2 orcs (D:3)
  A bat (D:3)
  A giant cockroach (D:3)
  A goblin (D:3)
  A quokka (D:2)
8 creatures vanquished.

Vanquished Creatures (others)
  2 ancestors (D:3)
2 creatures vanquished.

Grand Total: 63 creatures vanquished

Notes
Turn   | Place    | Note
-------+----------+-------------------------------------------
     0 | D:1      | Enroth the Vine Stalker Conjurer began the quest for the Orb.
     0 | D:1      | Reached XP level 1. HP: 9/9 MP: 4/4
    74 | D:1      | Reached XP level 2. HP: 13/13 MP: 1/6
   511 | D:2      | Reached XP level 3. HP: 3/16 MP: 1/7
   835 | D:2      | Found a shadowy altar of Dithmenos.
   860 | D:2      | Found a shimmering altar of Xom.
  1114 | D:2      | Found a hazy altar of Hepliaklqana.
  1121 | D:2      | Became a worshipper of Hepliaklqana the Forgotten
  1178 | D:2      | Gained mutation: Your natural rate of healing is unusually fast. [Vine Stalker growth]
  1178 | D:2      | Reached XP level 4. HP: 13/18 MP: 6/9
  1400 | D:2      | Found a shadowy altar of Dithmenos.
  1573 | D:2      | Learned a level 2 spell: Searing Ray
  1873 | D:3      | Reached skill level 1 in Shields
  2000 | D:3      | Noticed Lichfox's ghost (amateur HuNe)
  2179 | D:3      | Reached XP level 5. HP: 22/22 MP: 4/11
  2297 | D:3      | Reached skill level 5 in Conjurations
  2311 | D:3      | Gained mutation: You occasionally shout uncontrollably at your foes. [potion of mutation]
  2311 | D:3      | Gained mutation: You are clumsy. (Dex -2) [potion of mutation]
  2311 | D:3      | Gained mutation: You are dopey. (Int -2) [potion of mutation]
  2373 | D:3      | Learned a level 5 spell: Iskenderun's Battlesphere
  2474 | D:3      | HP: 1/22 [Lichfox's ghost/nerve-wracking pain (7)]
  2476 | D:3      | Slain by Lichfox's ghost

Skill      XL: |  1  2  3  4  5 |
---------------+----------------+-----
Spellcasting   | 3 |  3.5
Shields        | 1 |  1.4
Dodging        | 2 |  2.0
Conjurations   | 5 |  5.0
Fighting       | |  0.6
Stealth        | |  2.8
Unarmed Combat | |  0.2

Action                   |  1- 3 |  4- 6 || total
-------------------------+-------+-------++-------
Melee: Unarmed           |    22 |    22 ||    44
       Bite              |     7 |     8 ||    15
       Flail             |       |    12 ||    12
 Cast: Magic Dart        |    61 |    57 ||   118
       Searing Ray       |       |     4 ||     4
  Use: Potion            |     1 |     3 ||     4
       Scroll            |       |     7 ||     7
  Eat: Chunk             |     2 |     4 ||     6
Armor: Robe              |     5 |     7 ||    12
       Skin              |       |    14 ||    14
Dodge: Dodged            |    21 |    41 ||    62
Block: Buckler           |     2 |       ||     2
